 Dungeon Crawl Stone Soup version 0.31-a0-960-g0fca184906 (webtiles) character file.

Game seed: 15777113157180456753

69 Azuregosa the Sneak (level 4, -3/34 HPs)
             Began as an Octopode Delver on Oct 23, 2023.
             Was a Follower of Dithmenos.
             Slain by Crazy Yiuf
             ... wielding a +2 quarterstaff of chaos
              (7 damage)
             ... on level 2 of the Dungeon.
             The game lasted 00:05:22 (1808 turns).

Azuregosa the Sneak (Octopode Delver)               Turns: 1808, Time: 00:05:23

Health: -3/34      AC:  1    Str: 11    XL:     4   Next: 20%
Magic:  4/4        EV: 13    Int: 18    God:    Dithmenos [*.....]
Gold:   136        SH:  0    Dex: 15    Spells: 3/3 levels left

rFire   . . .        a - +0 mace
rCold   . . .        (no shield)
rNeg    . . .        (helmet restricted)
rPois   .            s - amulet of regeneration
rElec   .            i - +6 ring of intelligence
rCorr   .            (no ring)
SInv    .            (no ring)
Will    .....        (no ring)
Stlth   +++++        (no ring)
HPRegen 1.05/turn    (no ring)
MPRegen 0.09/turn    (no ring)
                     (no ring)

%: no passive effects
@: wreathed by umbra
A: almost no armour, amphibious, 8 rings, camouflage 1, gelatinous body 1,
(nimble swimmer 1), tentacles
a: Renounce Religion


You were on level 2 of the Dungeon.
You worshipped Dithmenos.
Dithmenos was aware of your devotion.
You visited 2 branches of the dungeon, and saw 6 of its levels.

You collected 136 gold pieces.

Inventory:

Hand Weapons
 a - a +0 mace (weapon)
 o - a +0 spear
 p - a +0 whip of distortion
Missiles
 j - 2 poisoned darts
 l - 34 stones
Jewellery
 i - a +6 ring of intelligence (left tentacle)
 s - an amulet of regeneration (around mantle)
Talismans
 t - a flux talisman
Wands
 f - a wand of digging (3)
Scrolls
 b - 2 scrolls of fog
 d - 2 scrolls of amnesia {unknown}
 g - 6 scrolls of identify {unknown}
 h - 5 scrolls of teleportation {unknown}
 k - 2 scrolls of immolation
 m - a scroll of enchant weapon {unknown}
Potions
 c - a potion of lignification {unknown}
 e - a potion of haste
 n - a potion of ambrosia {unknown}
 q - 2 potions of curing {unknown}
 r - a potion of invisibility {unknown}


   Skills:
 + Level 4.9 Fighting
 - Level 2.0 Maces & Flails
 - Level 2.0 Dodging
 - Level 6.6 Stealth


You had 3 spell levels left.
You didn't know any spells.
Your spell library was empty.

Dungeon Overview and Level Annotations

Branches:
Dungeon (5/15)             Temple (1/1) D:5

Altars:
Ashenzari
Dithmenos
Elyvilon
Nemelex Xobeh
Okawaru
Qazlal
Ru
Sif Muna
Trog
Uskayaw
Wu Jian
Xom
Yredelemnul
Zin
The Shining One

Shops:
D:3 !

Annotations:
D:2 Crazy Yiuf


Innate Abilities, Weirdness & Mutations

You cannot wear most types of armour.
You are amphibious.
You can wear up to eight rings at the same time.
Your skin changes colour to match your surroundings (Stealth+).
Your rubbery body absorbs attacks. (AC +1, EV +1)
((You are camouflaged when in or above water. (Stealth+)))
You have tentacles for arms and can constrict up to eight enemies at once.


Message History

The bat barely misses you.
The bat struggles to escape constriction. x2
The bat hits you but does no damage.
You hit the bat.
You kill the bat!
Dithmenos accepts your kill.
Found a stone staircase leading up.
You now have 129 gold pieces (gained 10).
Found a sling.
You see here a +0 sling.
Found a flux talisman.
You see here a flux talisman.
t - a flux talisman
l - 34 stones (gained 8)
You now have 136 gold pieces (gained 7).
You see here the +0 leather armour of the Platytaur {-Tele Rampage rN+++ Stlth+}.
There is a shaft here.
g - 6 scrolls labelled QAANO LICH (gained 1)
Found a runed translucent door.
Crazy Yiuf shouts!
You open the door. You hit Crazy Yiuf but do no damage. You grab Crazy Yiuf.
You squeeze Crazy Yiuf.
Crazy Yiuf is lightly wounded.
You constrict Crazy Yiuf, but do no damage.
Crazy Yiuf hits you with a +2 quarterstaff of chaos.
Crazy Yiuf burns you.
You hit Crazy Yiuf.
Crazy Yiuf is moderately wounded.
You constrict Crazy Yiuf.
Crazy Yiuf cries, "You leg down broken song, no?"
Crazy Yiuf hits you with a +2 quarterstaff of chaos!
Crazy Yiuf freezes you.
You hit Crazy Yiuf.
Crazy Yiuf is heavily wounded.
You constrict Crazy Yiuf.
Crazy Yiuf hits you with a +2 quarterstaff of chaos!
* * * LOW HITPOINT WARNING * * *
Crazy Yiuf hits you with a +2 quarterstaff of chaos!
You die...

#........#
#.#..)##.#
#.#...##.##
##........)
###.###.##
##♣♣♣♣♣ #......)
###...♣.♣♣♣ ###
#.....[.
##......♣..♣#...#
#.##.#..
#......♣♣♣♣@g...#
###.##.#..
#..#..♣♣ ♣♣#..)#
#...##....
#..##♣♣ ###
#......... ##.#
###.###... #.#
#.###>## #.#
#......# #.#
######## #.###..#
#.# #......#
#....... #^###
#.####.# #.......


You could see Crazy Yiuf.

Vanquished Creatures
  An adder (D:2)
  A worm (D:2)
  3 dart slugs
  5 ball pythons (D:1)
  3 endoplasms
  5 giant cockroaches
  5 goblins
  A hobgoblin (D:2)
  3 jackals (D:4)
  5 kobolds (D:1)
  3 quokkas
  4 bats
  2 frilled lizards
  3 rats
44 creatures vanquished.

Notes
Turn   | Place    | Note
-------+----------+-------------------------------------------
     0 | D:5      | Azuregosa the Octopode Delver began the quest for the Orb.
     0 | D:5      | Reached XP level 1. HP: 16/16 MP: 1/1
     5 | D:5      | Noticed a howler monkey
    19 | D:5      | Noticed an iguana
    32 | D:5      | Found a staircase to the Ecumenical Temple.
    37 | Temple   | Entered the Ecumenical Temple
    48 | Temple   | Became a worshipper of Dithmenos the Shadowed
    68 | D:4      | Found an ornate altar of the Wu Jian Council.
   226 | D:3      | Reached XP level 2. HP: 18/21 MP: 2/2
   243 | D:3      | Found Fyxi's Distillery.
   621 | D:1      | Reached XP level 3. HP: 27/27 MP: 3/3
   631 | D:1      | Reached * piety under Dithmenos
   711 | D:1      | Found a faded altar of an unknown god.
  1302 | D:2      | Reached XP level 4. HP: 34/34 MP: 4/4
  1470 | D:2      | Identified the +0 leather armour of the Platytaur {-Tele
                  | Rampage rN+++ Stlth+}
  1501 | D:2      | Identified the +4 ring mail of the Barber Surgeon {rPois
                  | Dex-2 SInv}
  1801 | D:2      | Found a runed translucent door.
  1802 | D:2      | Noticed Crazy Yiuf
  1808 | D:2      | Slain by Crazy Yiuf

Illustrated notes

Levels and vault maps discovered:
D:1:      beargit_arrival_diablo_church, layout_basic,
          hellmonk_ecumenical_altar_blasted, st_stairs_7, minmay_small_reverse_x
D:2:      layout_loops_cross, uniq_crazy_yiuf_cottage
D:3:      minmay_inner_zag, layout_basic, serial_shops,
          nicolae_shop_industrial_runoff, minmay_misc_feat_four_crosses,
          kennysheep_donut
D:4:      layout_loops_ring, lemuel_crystal_altar, chequers_mini_garden,
          minmay_hedge_maze, nicolae_goblin_pals, uniq_pikel
D:5:      layout_rooms, minmay_temple_entry_crystal_x, hangedman_decor_points,
          grunt_decor_junction
Temple:   nicolae_temple_bog_church

Skill      XL: |  1  2 |
---------------+-------+-----
Fighting       | 4 |  4.9
Maces & Flails | |  2.0
Dodging        | |  2.0
Stealth        | |  6.6

Action                     |  1- 3 |  4- 6 || total
---------------------------+-------+-------++-------
  Melee: Mace              |    71 |    16 ||    87
         Constrict         |    19 |     4 ||    23
         Tentacles         |     9 |     3 ||    12
    Use: Scroll            |     2 |       ||     2
   Stab: Sleeping          |    17 |     1 ||    18
 Armour: Skin              |    22 |     8 ||    30
  Dodge: Dodged            |    48 |     7 ||    55

Table legend: (Time is in decaauts)
 A = Elapsed time spent in this place.
 B = Non-inter-level travel time spent in this place.
 C = Inter-level travel time spent in this place.
 D = Time resting spent in this place.
 E = Time spent auto-exploring this place.
 F = Levels seen in this place.
 G = Mean time per level.
                   A        B        C        D        E       F      G
               +--------+--------+--------+--------+--------+-----+--------+
         Total |   1832 |   1771 |     61 |    121 |   1126 |   6 |  305.3 |
       Dungeon |   1809 |   1758 |     51 |    121 |   1126 |   5 |  361.8 |
        Temple |     23 |     13 |     10 |      0 |      0 |   1 |   23.0 |
               +--------+--------+--------+--------+--------+-----+--------+

Top non-repeatable levels by time:
     D:1: 894 daAuts
     D:2: 664 daAuts
     D:4: 145 daAuts
     D:3: 60 daAuts
     D:5: 44 daAuts
  Temple: 23 daAuts
